 Dungeon Crawl Stone Soup version 0.20.0-10-g0535bb4 (webtiles) character file.

264 Gobbopathe the Grave Robber (level 5, -2/35 HPs)
             Began as a Vampire Necromancer on June 7, 2017.
             Shot with an arrow by a centaur (5 damage)
             ... on level 4 of the Dungeon.
             The game lasted 00:11:07 (3566 turns).

Gobbopathe the Grave Robber (Vampire Necromancer)   Turns: 3566, Time: 00:11:08

Health: -2/35      AC:  5    Str:  7    XL:     5   Next: 98%
Magic:  0/9        EV: 12    Int: 18    God:
Gold:   172        SH:  0    Dex: 15    Spells: 2/10 levels left

rFire    . . .     SeeInvis +   a - +0 dagger
rCold    . . .     Gourm    .   (no shield)
rNeg     + . .     Faith    .   i - +0 leather armour
rPois    .         Spirit   .   o - +1 hat
rElec    .         Reflect  .   (no cloak)
rCorr    +         Harm     .   (no gloves)
MR       .....                  v - +0 pair of boots
Stlth    +++.......             (no amulet)
Regen    0.2/turn               y - ring of resist corrosion
MPRegen  0.2/turn               (no ring)

@: very slightly contaminated, invisible
A: fangs 3, see invisible, unbreathing
a: Bat Form


You were on level 4 of the Dungeon.
You were not thirsty.

You visited 1 branch of the dungeon, and saw 4 of its levels.

You collected 172 gold pieces.

Inventory:

Hand Weapons
 a - a +0 dagger (weapon)
 g - a cursed -3 quarterstaff
 l - a +0 short sword
 w - a +0 spear of piercing
Missiles
 p - 7 tomahawks (quivered)
Armour
 e - a +0 robe
 i - a +0 leather armour (worn)
 o - a +1 hat (worn)
 v - a +0 pair of boots (worn)
Jewellery
 j - an uncursed ring of fire
 y - a ring of resist corrosion (left hand)
Scrolls
 k - 2 scrolls of fog
 s - 2 scrolls of identify {unknown}
 t - a scroll of magic mapping {unknown}
 x - a scroll of amnesia
Potions
 c - 18 potions of blood
 d - 2 potions of curing {unknown}
 f - a potion of magic {unknown}
 h - 2 potions of invisibility
 m - a potion of degeneration {unknown}
 n - 2 potions of heal wounds {unknown}
 q - a potion of resistance {unknown}
 r - 2 potions of lignification {unknown}
 u - a potion of brilliance {unknown}
Books
 b - a book of Necromancy

   Spells                             Type                      Level
   a - Pain                           Necromancy                   1
   b - Animate Skeleton               Necromancy                   1
   c - Vampiric Draining              Necromancy                   3
   d - Regeneration                   Charms/Necromancy            3
   e - Animate Dead                   Necromancy                   4
   f - Control Undead                 Necromancy                   4


   Skills:
 * Level 3.5 Short Blades
 - Level 2.1 Dodging
 + Level 4.5 Stealth
 + Level 3.0 Spellcasting
 * Level 5.8 Necromancy


You had 2 spell levels left.
You knew the following spells:

 Your Spells              Type           Power        Failure   Level  Hunger
a - Pain                  Necr           ###.         2%          1    None
b - Vampiric Draining     Necr           ###.......   7%          3    ###....
c - Control Undead        Necr           ###.......   22%         4    ####...


Dungeon Overview and Level Annotations

Branches:
Dungeon (4/15)
 Temple: D:4-7

Altars:
Vehumet

Annotations:
D:3 Sigmund


Innate Abilities, Weirdness & Mutations

You have razor-sharp teeth.
You have supernaturally acute eyesight. (SInv)
You can survive without breathing.


Message History

a giant club; an ogre corpse You hit the centaur but do no damage.
You bite the centaur, but do no damage. The centaur hits you.
The centaur barely misses you.
You barely miss the centaur. The centaur hits you.
* * * LOW HITPOINT WARNING * * *
It was a potion of invisibility.
You fade into invisibility!
The centaur hits you.
* * * LOW HITPOINT WARNING * * *
You are very lightly contaminated with residual magic.
You catch the helpless centaur completely off-guard!
You puncture the centaur!
The centaur is severely wounded.
The centaur hits you but does no damage.
The centaur wields an uncursed shortbow.
The centaur shoots an arrow.
You see here an arrow.
A jackal comes into view.
The centaur shoots an arrow.
The arrow hits you.
You die...

###....#....# ##.# .
..........#.# #.#
...#####..#.## #.###
#.# ##....# #...#.
#..# ##...# #......
#...# #...###.......
#h...#####..##......#
# #...##..........#
#. #@.......<....#
###..##
##.##.....###...#
.......##(####..^..#
..# #......(##
#...#.## . ##.####c#
##..###.## #.# #...#
##.### #.####..##
##..# #.##..### ####
#######


You could see a centaur and a jackal (wandering).

Vanquished Creatures
  An ogre (D:4)
  A gnoll shaman (D:2)
  3 gnolls (D:3)
  5 adders
  3 worms (D:2)
  4 leopard geckos
  6 bats
  2 giant cockroaches (D:1)
  11 goblins
  6 hobgoblins
  2 jackals (D:2)
  2 quokkas
  3 ball pythons (D:3)
  2 frilled lizards (D:1)
  7 kobolds
  7 rats
65 creatures vanquished.

Notes
Turn   | Place    | Note
-------+----------+-------------------------------------------
     0 | D:1      | Gobbopathe the Vampire Necromancer began the quest for the Orb.
     0 | D:1      | Reached XP level 1. HP: 13/13 MP: 3/3
   342 | D:1      | Reached XP level 2. HP: 19/19 MP: 5/5
   759 | D:1      | Reached skill level 1 in Short Blades
   883 | D:1      | Reached XP level 3. HP: 22/24 MP: 3/6
   888 | D:1      | Learned a level 3 spell: Vampiric Draining
  1303 | D:2      | Reached skill level 5 in Necromancy
  1469 | D:2      | Found a radiant altar of Vehumet.
  1564 | D:2      | Reached XP level 4. HP: 29/30 MP: 8/8
  1575 | D:2      | Learned a level 4 spell: Control Undead
  2410 | D:3      | Noticed Sigmund
  2696 | D:3      | Reached XP level 5. HP: 26/35 MP: 7/9
  3546 | D:4      | Noticed an ogre
  3550 | D:4      | Noticed a centaur
  3558 | D:4      | Killed an ogre
  3566 | D:4      | Shot with an arrow by a centaur

Skill      XL: |  1  2  3  4  5 |
---------------+----------------+-----
Short Blades   | 1 2 3 |  3.5
Necromancy     | 5 |  5.8
Stealth        | 4 |  4.5
Spellcasting   | 3 |  3.0
Dodging        | |  2.1

Action                   |  1- 3 |  4- 6 || total
-------------------------+-------+-------++-------
Melee: Spear             |    15 |       ||    15
       Bite              |     6 |     3 ||     9
       Dagger            |    50 |    37 ||    87
 Cast: Pain              |    37 |    52 ||    89
       Vampiric Draining |     1 |     8 ||     9
  Use: Potion            |     4 |     7 ||    11
       Scroll            |     3 |     1 ||     4
 Stab: Sleeping          |    12 |       ||    12
       Distracted        |     1 |     1 ||     2
       Invisible         |       |     1 ||     1
Armor: Robe              |     3 |       ||     3
       Leather armour    |    19 |    37 ||    56
Dodge: Dodged            |    35 |    98 ||   133
